 Dungeon Crawl Stone Soup version 0.30.0-3-ga4e48a9924 (webtiles) character file.

Game seed: 11733506252202791873

109 Twinkles the Digger (level 4, -5/26 HPs)
             Began as a Gargoyle Earth Elementalist on May 7, 2023.
             Slain by Grinder (6 damage)
             ... on level 3 of the Dungeon.
             The game lasted 00:07:33 (2220 turns).

Twinkles the Digger (Gargoyle Earth Elementalist)   Turns: 2220, Time: 00:07:33

Health: -5/26      AC:  8    Str: 12    XL:     4   Next: 90%
Magic:  0/8        EV: 10    Int: 17    God:
Gold:   191        SH:  0    Dex: 10    Spells: 7/8 levels left

rFire   . . .        s - +0 dagger (venom)
rCold   . . .        (no shield)
rNeg    + . .        r - +0 ring mail
rPois   ∞            (no helmet)
rElec   +            (no cloak)
rCorr   +            (no gloves)
SInv    .            (no boots)
Will    .....        c - amulet of guardian spirit
Stlth   +            o - ring of resist corrosion
HPRegen 0.24/turn    (no ring)
MPRegen 0.11/turn

%: guardian spirit
@: no status effects
A: sickness immunity, AC +3, negative energy resistance 1, electricity
resistance, torment resistance 1, petrification resistance
a: no special abilities


You were on level 3 of the Dungeon.
You visited 1 branch of the dungeon, and saw 3 of its levels.

You collected 191 gold pieces.

Inventory:

Hand Weapons
 g - a +0 short sword
 s - a +0 dagger of venom (weapon)
Armour
 a - a +0 robe
 r - a +0 ring mail (worn)
Jewellery
 c - an amulet of guardian spirit (around neck)
 o - a ring of resist corrosion (left hand)
Scrolls
 b - 4 scrolls of identify {unknown}
 e - a scroll of acquirement {unknown}
 f - a scroll of vulnerability {unknown}
 h - 3 scrolls of teleportation {unknown}
 m - 3 scrolls of magic mapping {unknown}
 n - a scroll of enchant armour {unknown}
 p - a scroll of enchant weapon {unknown}
 q - a scroll of immolation {unknown}
Potions
 d - 2 potions of curing {unknown}
 i - a potion of degeneration {unknown}
 j - 2 potions of flight {unknown}
 k - a potion of brilliance {unknown}
 l - a potion of mutation {unknown}
 Q - 2 potions of magic


   Skills:
 + Level 2.1 Fighting
 - Level 1.5 Dodging
 - Level 2.2 Stealth
 + Level 2.8 Spellcasting
 + Level 2.1 Conjurations
 - Level 0.7 Transmutations
 + Level 4.5 Earth Magic


You had 7 spell levels left.
You knew the following spells:

 Your Spells              Type           Power      Damage    Failure   Level
a - Sandblast             Erth           34%        2d9       6%          1

Your spell library contained the following spells:

 Spells                   Type           Power      Damage    Failure   Level
 Passwall                 Tmut/Erth      9%         N/A       21%         2
 Stone Arrow              Conj/Erth      26%        3d8       30%         3
 Freeze                   Ice            8%         1d3       38%         1
 Ensorcelled Hibernation  Hex/Ice        4%         N/A       52%         2
 Hailstorm                Conj/Ice       6%         3d4       61%         3
 Frozen Ramparts          Ice            4%         1d1       77%         3
 Swiftness                Air            2%         N/A       77%         3
 Petrify                  Tmut/Erth      11%        N/A       80%         4


Dungeon Overview and Level Annotations

Branches:
Dungeon (3/15) Zot: 15748

Altars:
Qazlal
Trog

Shops:
D:1 !

Annotations:
D:3 Grinder


Innate Abilities, Weirdness & Mutations

You are immune to sickness and miasma.
Your stone body is resilient. (AC +3)
You are immune to poison.
You resist negative energy. (rN+)
You are resistant to electric shocks. (rElec)
You are resistant to unholy torment.
You are immune to petrification.


Message History

Grinder hits you but does no damage.
You hit Grinder.
Grinder is poisoned.
Grinder is lightly wounded.
Grinder hits you.
You writhe in agony.
You closely miss Grinder.
Grinder is lightly wounded.
Grinder barely misses you.
You hit Grinder.
Grinder is lightly wounded.
Grinder hits you.
Aiming: Sandblast (safe; 6% risk of failure)
Press: ? - help, Q - select action Shift-Dir - straight line, f/p - Grinder
Aim: Grinder (moderately wounded, very poisoned, 80% to hit)
The blast of sand hits Grinder.
Grinder is moderately wounded.
Grinder hits you.
You hit Grinder.
Grinder is moderately wounded.
Grinder hits you.
You hit Grinder.
Grinder is moderately wounded.
Grinder gestures at you. Pain shoots through your body!
Aiming: Sandblast (safe; 6% risk of failure)
Press: ? - help, Q - select action Shift-Dir - straight line, f/p - Grinder
Aim: Grinder (moderately wounded, very poisoned, 80% to hit)
The blast of sand hits Grinder but does no damage.
Grinder is moderately wounded.
Grinder hits you. x2; You writhe in agony.
You hit Grinder but do no damage.
Grinder is moderately wounded.
Grinder hits you!
* * * LOW HITPOINT WARNING * * *
Magic courses through your body. Grinder hits you.
* * * LOW HITPOINT WARNING * * *
You writhe in agony.
You closely miss Grinder.
Grinder is heavily wounded.
Grinder hits you!
You die...

#######.#.##.#######
....................
##########.#.##.#######
.......................
##.....###+#.#.........
#...........#..#######
.....##.##...#........#
######...##..#..5###.##
##.....##.#..@..#
#.......#.#...#.#
#..._...#.#...#.#
#.......#.#...# #
##...(.##.#.... #
##...##..#..## .
#####.#.#.. # ###.#.. #
######.#


You could see Grinder (poisoned).

Vanquished Creatures
  Jessica (D:1)
  2 adders (D:2)
  3 dart slugs (D:2)
  7 endoplasms
  3 giant cockroaches
  6 goblins
  7 hobgoblins
  6 kobolds
  A quokka (D:2)
  3 ball pythons
  4 bats
  6 frilled lizards
  9 rats
58 creatures vanquished.

Notes
Turn   | Place    | Note
-------+----------+-------------------------------------------
     0 | D:1      | Twinkles the Gargoyle Earth Elementalist began the quest
                  | for the Orb.
     0 | D:1      | Reached XP level 1. HP: 10/10 MP: 3/3
    36 | D:1      | You fall into a shaft and drop 1 floor!
   239 | D:1      | Reached XP level 2. HP: 16/16 MP: 3/5
   486 | D:1      | Found Fayt Zudgh's Distillery.
   760 | D:2      | Noticed Jessica
   761 | D:2      | Reached skill level 1 in Fighting
   764 | D:1      | Killed Jessica
   765 | D:1      | Reached skill level 1 in Conjurations
   765 | D:1      | Reached skill level 4 in Earth Magic
   765 | D:1      | Reached XP level 3. HP: 13/20 MP: 1/6
   895 | D:2      | Reached XP level 4. HP: 22/25 MP: 3/7
  2080 | D:3      | Found a stormy altar of Qazlal.
  2161 | D:3      | Found a bloodstained altar of Trog.
  2192 | D:3      | Noticed Grinder
  2207 | D:3      | Paralysed by Grinder for 3 turns
  2218 | D:3      | HP: 1/26 [Grinder (7)]
  2220 | D:3      | Slain by Grinder

Illustrated notes

Levels and vault maps discovered:
D:1:      minmay_arrival_five_plusses, layout_basic, serial_shops,
          nicolae_shop_advertising_works [nicolae_subvault_shop_adworks],
          kennysheep_doodads
D:2:      minmay_chambers_of_twos, layout_rooms, uniq_jessica
D:3:      layout_basic, lemuel_round_altar, mainiacjoe_overflow_small_starburst,
          uniq_crazy_yiuf_cottage, uniq_grinder

Skill      XL: |  1  2  3  4 |
---------------+-------------+-----
Fighting       | 1 2 |  2.1
Conjurations   | 1 2 |  2.1
Earth Magic    | 4 |  4.5
Dodging        | |  1.5
Stealth        | |  2.2
Spellcasting   | |  2.8
Transmutations | |  0.7

Action                     |  1- 3 |  4- 6 || total
---------------------------+-------+-------++-------
  Melee: Unarmed           |    16 |       ||    16
         Short sword       |     7 |    46 ||    53
         Punch             |     1 |     1 ||     2
         Dagger            |       |     8 ||     8
   Cast: Sandblast         |    27 |    33 ||    60
    Use: Potion            |       |     1 ||     1
   Stab: Sleeping          |       |     1 ||     1
 Armour: Robe              |    10 |    17 ||    27
         Ring mail         |       |     7 ||     7
  Dodge: Dodged            |    20 |    35 ||    55
